 Dungeon Crawl Stone Soup version 0.22.0-35-ge4bf2f5f59 (webtiles) character file.

781 ErikD the Cudgeler (level 7, 0/61 HPs)
             Began as a Hill Orc Fighter on Aug 23, 2018.
             Slain by a bullfrog skeleton (4 damage)
             ... on level 5 of the Dungeon.
             The game lasted 00:17:56 (4603 turns).

ErikD the Cudgeler (Hill Orc Fighter)               Turns: 4603, Time: 00:17:57

Health: 0/61       AC:  7    Str: 20    XL:     7   Next: 85%
Magic:  7/7        EV:  8    Int:  9    God:
Gold:   232        SH:  9    Dex: 10    Spells: 5/6 levels left

rFire    . . .     SeeInvis .   a - +0 flail
rCold    . . .     Gourm    .   c - +0 shield
rNeg     . . .     Faith    .   b - +0 scale mail
rPois    .         Spirit   .   (no helmet)
rElec    .         Reflect  .   (no cloak)
rCorr    .         Harm     .   (no gloves)
MR       .....                  (no boots)
Stlth    ..........             (no amulet)
HPRegen  0.20/turn              (no ring)
MPRegen  0.10/turn              (no ring)

@: no status effects
A: no striking features
a: no special abilities


You were on level 5 of the Dungeon.
You were not hungry.

You visited 1 branch of the dungeon, and saw 6 of its levels.

You collected 232 gold pieces.

Inventory:

Hand Weapons
 a - a +0 flail (weapon)
 w - a +0 hunting sling
 C - a +3 glaive of chopping
Missiles
 g - 124 stones (quivered)
 t - 3 tomahawks
Armour
 b - a +0 scale mail (worn)
 c - a +0 shield (worn)
 j - a +0 shield
 p - a +0 pair of gloves
Wands
 s - a wand of digging (6)
Scrolls
 e - 2 scrolls of fear {unknown}
 h - a scroll of summoning {unknown}
 k - 4 scrolls of enchant weapon {unknown}
 n - 5 scrolls of teleportation {unknown}
 o - 6 scrolls of identify {unknown}
 q - 4 scrolls of blinking {unknown}
 x - 2 scrolls of fog {unknown}
 y - 2 scrolls of amnesia {unknown}
 z - a scroll of remove curse
Potions
 d - a potion of might
 i - a potion of haste {unknown}
 l - 3 potions of lignification {unknown}
 m - 2 potions of degeneration {unknown}
 r - a potion of cancellation {unknown}
 u - 2 potions of flight {unknown}
 v - 3 potions of brilliance {unknown}
 A - a potion of mutation {unknown}
Comestibles
 f - 7 rations
 B - a chunk of flesh


   Skills:
 + Level 5.5 Fighting
 + Level 6.0 Maces & Flails
 + Level 0.2 Throwing
 + Level 4.9 Armour
 + Level 1.7 Dodging
 + Level 0.2 Stealth
 + Level 5.1 Shields
 + Level 0.1 Spellcasting
 + Level 0.1 Hexes


You had 5 spell levels left.
You knew the following spells:

 Your Spells              Type           Power        Failure   Level  Hunger
a - Confusing Touch       Hex            #.....       98%         1    ##.....

Your spell library contained the following spells:

 Spells                   Type           Power        Failure   Level  Hunger
 Confuse                  Hex            #.......     100%        3    ####...
 Gell's Gravitas          Tloc           #.........   100%        3    ####...
 Petrify                  Tmut/Erth      #.......     100%        4    #####..
 Metabolic Englaciation   Hex/Ice        #.........   100%        5    ######.
 Yara's Violent Unravell  Hex/Tmut       #.........   100%        5    ######.


Dungeon Overview and Level Annotations

Branches:
Dungeon (6/15)
 Temple: D:4-7

Altars:
Elyvilon

Annotations:
D:5 Ijyb


Message History

Some of the chunks of flesh in your inventory have rotted away.
Ijyb screams, "You nasty!
Big nasty!"
The bullfrog skeleton hits you.
* * * LOW HITPOINT WARNING * * *
The bullfrog skeleton hits you but does no damage.
There is a stone staircase leading down here.
The bullfrog skeleton completely misses you.
The bullfrog skeleton hits you.
* * * LOW HITPOINT WARNING * * *
You block the orc's attack.
The bullfrog skeleton barely misses you.
You block the bullfrog skeleton's attack.
The orc completely misses you. You block the orc's attack.
You block the bullfrog skeleton's attack.
The orc curses loudly.
The bullfrog skeleton hits you but does no damage.
There is a stone staircase leading up here.
The bullfrog skeleton hits you.
You die...

####### .. ### .##.....##
##############..##.%
.........#####..............
#.$. ###.###....s..oZ@###.#
#... ... #.#
##.....g.......# ..# .a
###.####.#####.#.###<##.# .
......>>g.....#..# #....# #
###.####>#####.#.# ###..## #
#.# #s# ###.# #<..#### # #.#
#5# #.# #.#....# ..# #.#
#.#####......# #### #.#
.........###.## #


You could see Ijyb, a scorpion, an orc and a bullfrog skeleton.

Vanquished Creatures
  Duvessa (D:4)
  An ogre (D:4)
  Dowan (D:4)
  3 hounds (D:5)
  An orc priest (D:4)
  A bullfrog skeleton (D:5)
  3 iguanas
  Natasha (thrice) (D:2)
  3 orc wizards (D:4)
  A worker ant (D:5)
  A gnoll (D:1)
  4 adders
  An adder zombie (D:5)
  An adder skeleton (D:5)
  2 worms
  A dart slug (D:3)
  3 leopard geckos
  5 orcs
  A ball python (D:1)
  8 giant cockroaches
  4 goblins
  7 hobgoblins
  7 jackals
  4 kobolds
  2 quokkas
  7 bats
  5 frilled lizards
  10 rats
91 creatures vanquished.

Notes
Turn   | Place    | Note
-------+----------+-------------------------------------------
     0 | D:1      | ErikD the Hill Orc Fighter began the quest for the Orb.
     0 | D:1      | Reached XP level 1. HP: 19/19 MP: 1/1
   173 | D:1      | Reached XP level 2. HP: 27/27 MP: 2/2
   289 | D:1      | Reached XP level 3. HP: 33/33 MP: 3/3
   844 | D:2      | Found a white marble altar of Elyvilon.
  1114 | D:2      | Reached XP level 4. HP: 41/41 MP: 4/4
  1196 | D:2      | Reached skill level 3 in Maces & Flails
  1241 | D:2      | Noticed Natasha
  1257 | D:2      | Killed Natasha
  2058 | D:2      | Noticed Natasha
  2070 | D:2      | Killed Natasha
  2070 | D:2      | Reached XP level 5. HP: 37/47 MP: 5/5
  2116 | D:2      | Noticed Natasha
  2128 | D:2      | Killed Natasha
  3363 | D:4      | Learned a level 1 spell: Confusing Touch
  3416 | D:4      | Reached skill level 1 in Dodging
  3477 | D:4      | Reached skill level 4 in Maces & Flails
  3477 | D:4      | Reached XP level 6. HP: 43/53 MP: 6/6
  3506 | D:4      | Noticed Duvessa
  3506 | D:4      | Noticed Dowan
  3527 | D:4      | Killed Duvessa
  3534 | D:4      | Killed Dowan
  3867 | D:4      | Reached skill level 5 in Maces & Flails
  3867 | D:4      | Reached XP level 7. HP: 36/60 MP: 7/7
  3875 | D:4      | Reached skill level 5 in Fighting
  4326 | D:5      | Entered Level 5 of the Dungeon
  4483 | D:5      | Reached skill level 5 in Shields
  4547 | D:5      | Reached skill level 6 in Maces & Flails
  4557 | D:5      | Noticed Ijyb
  4594 | D:5      | HP: 2/61 [bullfrog skeleton (4)]
  4603 | D:5      | Slain by a bullfrog skeleton

Skill      XL: |  1  2  3  4  5  6  7 |
---------------+----------------------+-----
Fighting       | 4 5 |  5.5
Maces & Flails | 3 4 5 6 |  6.0
Shields        | 4 5 |  5.1
Armour         | 4 |  4.9
Dodging        | 1 |  1.7
Throwing       | |  0.2
Stealth        | |  0.2
Spellcasting   | |  0.1
Hexes          | |  0.1

Action                   |  1- 3 |  4- 6 |  7- 9 || total
-------------------------+-------+-------+-------++-------
Melee: Flail             |   123 |   208 |   108 ||   439
       Spear             |     4 |       |       ||     4
Throw: Stone             |       |    11 |       ||    11
  Use: Scroll            |     1 |       |       ||     1
       Potion            |       |     1 |     1 ||     2
  Eat: Chunk             |     1 |     5 |       ||     6
       Ration            |       |     1 |     1 ||     2
Armor: Scale mail        |    63 |    86 |    37 ||   186
Dodge: Dodged            |    43 |    60 |    37 ||   140
Block: Shield            |    74 |   114 |    66 ||   254
